AoeStats
← Player

African Clearing

505016380Analyzed
4v4 RM · 26d ago on Sep 7, 2026· 47m 14s· 8 players
Game mode
Random Map
Map size
Large (8 player)
Population
200
Speed
Normal
Resources
Standard
Victory
Conquest
Starting age
Dark Age
Ending age
Imperial Age
RankedLock teamsTeams togetherTeam positionsShared explorationLock speedFull tech treeHidden civsTurbo modeCheats
Victory
Defeat
🇨🇱 Hindustanis · Chile
1086
+9
🇪🇸 Bohemians · Spain
1018
+11
🇺🇸 Vikings · United States
1006
+12
🇲🇰 Mongols · North Macedonia
944
+14
🇺🇸 Mapuche · United States
970
-13
🇺🇸 Ethiopians · United States
947
-13
🇺🇸 Sicilians · United States
893
-11
🇺🇸 Koreans · United States
836
-9
Blade
15:09 Feudal Age
13:44 Loom
19:11 Castle Age
17:12 Double-Bit Axe
17:42 Horse Collar
19:21 Forging
20:04 Town Watch
20:33 Light Cavalry
24:08 Fletching
23:44 Pikeman
27:54 Bodkin Arrow
30:50 Padded Archer Armor
30:29 Crossbowman
34:34 Bow Saw
37:52 Imperial Age
38:22 Arbalester
39:07 Squires
39:12 Elite Skirmisher
41:07 Conscription
41:25 Leather Archer Armor
43:45 Bracer
44:15 Ring Archer Armor
45:33 Chemistry
44:41 Siege Engineers
46:09 Bogsveigar
Nichelson3360
5:46 Loom
14:25 Feudal Age
16:42 Bloodlines
21:48 Scale Barding Armor
26:21 Castle Age
26:31 Gold Mining
27:05 Forging
28:57 Gold Shaft Mining
31:11 Double-Bit Axe
31:28 Horse Collar
34:18 Grand Trunk Road
35:57 Wheelbarrow
36:33 Fletching
37:30 Bodkin Arrow
38:16 Ballistics
38:00 Padded Archer Armor
41:18 Scale Mail Armor
42:31 Heavy Plow
44:11 Hand Cart
44:57 Iron Casting
44:38 Chain Mail Armor
Player
4:22 Loom
14:59 Feudal Age
17:40 Double-Bit Axe
19:04 Stone Mining
22:26 Castle Age
22:34 Fletching
22:44 Padded Archer Armor
23:01 Horse Collar
25:39 Bow Saw
25:58 Husbandry
29:17 Thumb Ring
30:35 Bodkin Arrow
30:55 Leather Archer Armor
31:15 Bloodlines
36:23 Ballistics
43:50 Imperial Age
42:56 Stone Shaft Mining
42:11 Gold Mining
45:10 Wheelbarrow
43:58 Elite Mangudai
44:59 Conscription
46:49 Chemistry
45:52 Bracer
46:07 Leather Archer Armor
Naua
3:57 Loom
13:22 Feudal Age
17:34 Castle Age
16:30 Horse Collar
16:39 Double-Bit Axe
19:47 Fletching
20:46 Bow Saw
24:51 Bodkin Arrow
27:21 Wheelbarrow
27:15 Ballistics
28:38 Chemistry
28:44 Padded Archer Armor
29:05 Heavy Plow
30:29 Hand Cart
31:37 Elite Skirmisher
32:50 Leather Archer Armor
34:40 Town Watch
46:40 Imperial Age
44:11 Town Patrol
47:14 Masonry
48:06 Ring Archer Armor
47:37 Bracer
matterhorn
8:25 Loom
18:00 Feudal Age
19:31 Wheelbarrow
21:20 Horse Collar
22:21 Double-Bit Axe
29:37 Castle Age
29:40 Pikeman
31:40 Hand Cart
31:34 Heavy Plow
31:48 Bow Saw
32:45 Town Watch
35:05 Murder Holes
36:57 Town Patrol
YeeOldStoner
11:40 Loom
15:29 Feudal Age
19:15 Stone Mining
20:35 Fletching
26:34 Gold Mining
29:08 Double-Bit Axe
29:08 Horse Collar
34:16 Castle Age
40:03 Castle Age
kindofabigneil
8:46 Loom
14:47 Feudal Age
18:32 Castle Age
16:35 Fletching
16:44 Double-Bit Axe
17:25 Gold Mining
19:14 Bodkin Arrow
19:42 Crossbowman
22:51 Padded Archer Armor
24:02 Horse Collar
30:45 Bow Saw
32:26 Leather Archer Armor
32:11 Town Watch
35:40 Wheelbarrow
35:30 Ballistics
39:09 Heavy Plow
46:02 Imperial Age
43:51 Stone Mining
46:10 Arbalester
NinjaNurse
7:37 Loom
19:18 Feudal Age
27:44 Castle Age
26:51 Double-Bit Axe
26:58 Gold Mining
27:30 Fletching
28:02 Padded Archer Armor
28:36 Bodkin Arrow
28:32 Pikeman
31:41 Leather Archer Armor
32:28 Gold Shaft Mining
34:03 Ballistics
42:11 Bow Saw
41:42 Horse Collar
41:53 Stone Mining
42:38 Malon
45:15 Elite Skirmisher
Connection lost

Rejoining the realm…

Still unreachable

The connection could not be restored.

Session expired

The server has moved on; the page needs a fresh start.